Match 46819064
Unlisted

Match 46819064
End
Engineer Squad
Construct Weapon Support Center
Selects Heavy Weapons
M1919 Machine Gun Team
Bazooka Squad
Air Support Center
.30 cal Machine Gun
Engineer Squad
M3 Armored Personnel Carrier
Selects Assault Carriers
Grasshopper Recon Run
P-47 Strafing Run
M1919 Machine Gun Team
Construct Motor Pool
.30 cal Machine Gun
Grasshopper Recon Run
P-47 Strafing Run
M24 Chaffee Light Tank
Grasshopper Recon Run
P-47 Strafing Run
Engineer Squad
Selects Halftrack Strongpoints
P-47 Dive Bomb
P-47 Strafing Run
M3 Assault Carrier
M24 Chaffee Light Tank
Grasshopper Recon Run
Forward Retreat Point
.30 cal Machine Gun
P-47 Dive Bomb
Grasshopper Recon Run
.30 cal Machine Gun
.30 cal Machine Gun
Grasshopper Recon Run
.30 cal Machine Gun
Bazooka Squad
Selects M26 Pershing Heavy Tank
M26 Pershing Heavy Tank
P-47 Strafing Run
.30 cal Machine Gun
.30 cal Machine Gun
Bazooka Squad
P-47 Dive Bomb
M1 Anti-tank Gun Team
M1 Anti-tank Gun Team
P-47 Strafing Run
Selects M2HB .50cal Heavy Machine Gun
Selects Gallant Stand
Selects Black Dragon Artillery Barrage
Scout Squad
Scout Squad
Grasshopper Recon Run
P-47 Dive Bomb
Construct Tank Depot
M1919 Machine Gun Team
M18 Hellcat Tank Destroyer
Grasshopper Recon Run
M4(105) Sherman Bulldozer
M18 Hellcat Tank Destroyer
P-47 Strafing Run
Scout Squad
Grasshopper Recon Run
P-47 Dive Bomb
Grasshopper Recon Run
Bazooka Squad
Bazooka Squad
Bazooka Squad
P-47 Dive Bomb
M26 Pershing Heavy Tank
.30 cal Machine Gun
Bazooka Squad
Grasshopper Recon Run
M18 Hellcat Tank Destroyer
Improved M9 Bazooka Rockets
.30 cal Machine Gun
.30 cal Machine Gun
Grasshopper Recon Run
Bazooka Squad
Bazooka Squad
P-47 Strafing Run
Seraph
Hunter
Miudai
Alpha_Roger
水银灯
[PBS] Sigizmund
CommieKillerz
꿀뜨개Honeydipper
0
0

Comments sign in to comment!

No comments posted yet!